[Event "4NCL 2021-22"]
[Site "England"]
[Date "2022.04.30"]
[Round "7.36"]
[White "Skettos, Nicolas"]
[Black "Fitzsimons, David"]
[Result "0-1"]
[ECO "B90"]
[WhiteElo "1940"]
[BlackElo "2369"]
[Annotator "TA"]
[PlyCount "126"]
[EventDate "2021.11.27"]
[EventType "team-tourn"]
[EventCountry "ENG"]
[SourceTitle "playchess.com"]
[Source "ChessBase"]
[SourceQuality "1"]
[TimeControl "40/6000+30:3000+30"]

1. e4 c5 2. Nf3 d6 3. d4 cxd4 4. Nxd4 Nf6 5. Nc3 a6 6. Be3 e5 7. Nb3 Be7 8. h3 {[%emt 0:01:19] B90: Sicilian Najdorf: Unusual White 6th moves, 6 Be3 Ng4 and 6 Be3 e5.} Be6 9. f4 b5 10. f5 {[%emt 0:21:13] The position is equal.} Bc8 {[%emt 0:00:28] [#]} 11. g4 $146 ({Predecessor:} 11. a4 Bb7 12. axb5 Nxe4 13. Nxe4 Bxe4 14. Qd2 O-O 15. bxa6 d5 16. c3 d4 17. cxd4 {0-1 (87) Bharath,S (2417)-Shevchenko,K (2541) Barcelona 2019}) 11... Bb7 12. Bg2 b4 $1 13. Nd5 Nxd5 14. exd5 Bg5 (14... Bh4+ $15 15. Kf1 Nd7) 15. Bxg5 $1 $14 Qxg5 16. Na5 Qe3+ 17. Qe2 Qb6 18. Nxb7 (18. Nc4 $5 Qc5 19. a3 $11) 18... Qxb7 19. O-O ({Better is} 19. f6 $11) 19... Nd7 $15 20. a3 (20. Rf4 $15) 20... a5 (20... bxa3 $17 21. b3 (21. bxa3 Qa7+ 22. Kh2 O-O $17) (21. Rxa3 Qxb2 22. Rxa6 Rxa6 $17) 21... Qb4) 21. axb4 Qxb4 22. c3 Qb6+ 23. Kh1 O-O 24. g5 (24. Ra2 $15) 24... f6 $17 25. g6 h6 26. Ra4 Rfb8 27. Rc4 Qa6 {[%emt 0:03:23] Strongly threatening ...Nc5.} 28. Re4 (28. Rf2 $15) 28... Nc5 $1 29. Qxa6 Rxa6 30. Re2 Na4 31. Ra1 Nxb2 (31... Rxb2 $2 32. Bf1 Rxe2 33. Bxe2 $18) 32. Bf1 Raa8 (32... Ra7 $1 $17 33. c4 a4) 33. Rb1 ({White should play} 33. c4 $15) 33... Na4 $2 (33... Nc4 $1 $19 34. Ra1 Kf8) 34. Rxb8+ $11 Rxb8 {[%emt 0:00:49][%mdl 4096] Endgame KRB-KRN} 35. Ra2 Nxc3 36. Rxa5 Kf8 37. Ra7 Rb1 (37... Nxd5 38. Rf7+ Ke8 39. Bg2) 38. Rf7+ Ke8 39. Kg2 Nxd5 40. Kf2 Rb2+ (40... Rxf1+ $5 41. Kxf1 Ne3+ 42. Ke2 Nxf5 $11) 41. Ke1 $2 (41. Kg1 $1 $11 {and White stays safe.}) 41... e4 $1 $19 42. Rxg7 {[%emt 0:00:00] [#]} (42. Ba6 $142) 42... Rb1+ $1 43. Kf2 {[%emt 0:00:00] aiming for Bc4.} e3+ 44. Ke2 {[%emt 0:00:00] Hoping for Rg8+.} Nc3+ 45. Kxe3 Rxf1 {[%emt 0:00:00] KRN-KR} 46. Rg8+ {[%emt 0:00:00] [#]} Ke7 $2 (46... Kd7 $1 $19 47. Ra8 Nd5+ 48. Ke2 Rg1) 47. Rg7+ $2 (47. Ra8 $11 Nd5+ 48. Ke4 Rf4+ 49. Kd3 (49. Kxd5 Rxf5+ 50. Ke4 Rg5 $11) 49... Rf3+ 50. Ke4 Rf4+ 51. Kd3 (51. Kxd5 Rxf5+ 52. Ke4 Rg5 $11) 51... Rf3+ 52. Ke4 Rf4+) 47... Kf8 48. Rf7+ Kg8 49. Kd4 Ne2+ 50. Kd5 Rxf5+ 51. Ke6 Rf3 52. Kxd6 Rxh3 53. Rxf6 Kg7 54. Rf2 Re3 55. Rg2 Nf4 56. Rg1 Nxg6 57. Kd5 {[%emt 0:00:00] Black mates.} h5 58. Kd4 Re8 59. Kd3 h4 60. Kd2 Kh6 61. Kd1 Kh5 62. Kd2 h3 63. Rg3 Nf4 {[%emt 0:00:00] Weighted Error Value: White=0.63/Black=0.16 (very precise)} 0-1

[Event "4NCL 2021-22"]
[Site "England"]
[Date "2022.04.30"]
[Round "7.37"]
[White "Haydon, David L"]
[Black "Bansal, Rohan"]
[Result "1-0"]
[ECO "C05"]
[WhiteElo "2294"]
[BlackElo "1971"]
[Annotator "TA"]
[PlyCount "77"]
[EventDate "2021.11.27"]
[EventType "team-tourn"]
[EventCountry "ENG"]
[SourceTitle "playchess.com"]
[Source "ChessBase"]
[SourceQuality "1"]
[TimeControl "40/6000+30:3000+30"]

1. e4 e6 2. d4 d5 3. Nd2 Nf6 4. e5 Nfd7 5. f4 c5 6. Ngf3 {[%emt 0:01:29] C05: French Tarrasch: 3...Nf6 4 e5 Nfd7, 5 f4 and 5 Bd3 sidelines.} b6 7. c3 Be7 8. Bd3 {[%emt 0:02:48] White is slightly better.} Ba6 9. Bxa6 Nxa6 10. O-O Nc7 11. Rf2 O-O 12. Nf1 f5 13. exf6 Nxf6 {[%emt 0:01:40] [#]} 14. Re2 $146 ({Predecessor:} 14. Ng3 cxd4 15. Nxd4 Qd7 16. Qd3 Bd6 17. Re2 Rae8 18. Nf3 Ng4 19. h3 e5 20. hxg4 {½-½ (48) Gonzalez Perez,A (2440)-Sanchez Jerez,E (2187) Oeiras 2015}) 14... Ne4 15. Ng3 Nxg3 16. hxg3 Qc8 17. Qd3 c4 18. Qc2 Ne8 19. Bd2 Nd6 20. Rae1 Ne4 21. Rxe4 dxe4 22. Qxe4 Bf6 {[%emt 0:01:35] [#]} 23. g4 $1 {[%emt 0:05:16] White is more active.} ({Reject} 23. Qxe6+ Qxe6 24. Rxe6 h5 $11) 23... g6 {[%emt 0:00:09] Inhibits f5.} 24. Qxe6+ (24. g5 $5 Bh8 25. Qxe6+ Qxe6 26. Rxe6 $14) 24... Qxe6 25. Rxe6 Kf7 26. Re4 Rfe8 27. Ne5+ Bxe5 28. dxe5 $14 {[%emt 0:00:07][%mdl 4096] Endgame KRR-KRB} Rad8 {[%emt 0:00:38] [#]} ({Black should try} 28... Rac8) 29. Be3 $1 $16 Ke6 30. Rxc4 Rd1+ (30... b5 $16 31. Rc7 Kd5) 31. Kf2 $18 Rb1 (31... Re7 {keeps fighting.} 32. Kf3 Kd5) 32. b4 g5 ({Less strong is} 32... Rb2+ 33. Kf3) (32... Kd7 $142 33. Rd4+ Kc8) 33. g3 ({Not} 33. fxg5 Kxe5 34. Bf4+ Ke6 $11) 33... gxf4 34. gxf4 Rf8 (34... Rb2+ $2 35. Kf3) 35. Kf3 {[%emt 0:01:02] White is clearly winning.} Rg8 36. Rc7 Rf1+ 37. Ke4 {[%emt 0:01:50] f5+ would kill now.} Rxg4 38. Rxh7 Rg3 39. f5+ {[%emt 0:00:45] Weighted Error Value: White=0.10 (very precise) /Black=0.28 (precise)} (39. Rxa7 $142 b5 40. Rb7) 1-0

[Event "4NCL 2021-22"]
[Site "England"]
[Date "2022.04.30"]
[Round "7.38"]
[White "Young, Daniel J"]
[Black "Horton, Jamie A"]
[Result "1/2-1/2"]
[ECO "A14"]
[WhiteElo "1938"]
[BlackElo "2275"]
[Annotator "TA"]
[PlyCount "49"]
[EventDate "2021.11.27"]
[EventType "team-tourn"]
[EventCountry "ENG"]
[SourceTitle "playchess.com"]
[Source "ChessBase"]
[SourceQuality "1"]
[TimeControl "40/6000+30:3000+30"]

1. Nf3 Nf6 2. c4 e6 3. g3 d5 4. Bg2 Be7 5. O-O O-O 6. b3 b6 7. Bb2 Bb7 8. e3 Nbd7 9. Nc3 c5 10. Qe2 Qc7 11. Rac1 Rac8 12. Rfd1 Rfd8 {[%emt 0:02:02] The position is equal.} 13. cxd5 {[%emt 0:04:33] A14: English Opening: 1...e6 with b3 by White.} Nxd5 14. Nxd5 Bxd5 15. d4 Qb7 16. Ne1 {[%emt 0:10:41][%cal Bf3e1,Be1g2,Bg2f4][%mdl 32] [#] Threatens to win with e4.} Bxg2 17. Nxg2 Bf6 18. dxc5 Bxb2 {[%emt 0:02:24] [#]} 19. Qxb2 $146 ({Predecessor:} 19. c6 Rxc6 20. Rxc6 Qxc6 21. Qxb2 Rc8 22. Qd4 Nf6 23. Nf4 {½-½ (35) Hrescak,I (2138)-Medic,M (2196) Terme Catez 2021}) 19... Nxc5 20. Nf4 Ne4 21. h4 h6 22. Rxc8 Qxc8 23. Rxd8+ Qxd8 24. Qc2 {[%emt 0:07:24] Prevents Qd1+.} Nd2 25. Qc6 {[%emt 0:03:18] An interesting draw.  Weighted Error Value: White=0.03 (flawless) /Black=0.04 (flawless)} 1/2-1/2

[Event "4NCL 2021-22"]
[Site "England"]
[Date "2022.04.30"]
[Round "7.39"]
[White "Sygnowski, Tomasz"]
[Black "Merriman, James"]
[Result "1-0"]
[ECO "C01"]
[WhiteElo "2119"]
[BlackElo "1861"]
[Annotator "TA"]
[PlyCount "101"]
[EventDate "2021.11.27"]
[EventType "team-tourn"]
[EventCountry "ENG"]
[SourceTitle "playchess.com"]
[Source "ChessBase"]
[SourceQuality "1"]
[TimeControl "40/6000+30:3000+30"]

1. e4 e6 2. d4 d5 3. exd5 exd5 4. Nf3 Bd6 5. Bd3 Nc6 6. O-O Nb4 {[%emt 0:21:26] C01: French: Exchange Variation.} 7. Re1+ Ne7 8. Bf1 Bf5 {[%emt 0:04:05] The position is equal.} 9. Na3 O-O 10. c3 Nbc6 {[%emt 0:00:09] [#]} 11. Nb5 $146 ({Predecessor:} 11. Nc2 Ng6 12. Ne3 Be4 13. Nd2 Nh4 14. Nxe4 dxe4 15. Nc4 f5 16. Qb3 Kh8 17. Qxb7 {1-0 (30) Goltsev,D (2312)-Manukyan,S (2253) Chess.com INT 2020}) 11... Ng6 {[%emt 0:00:53] Prevents Nh4.} 12. Nxd6 Qxd6 13. Bd2 h6 14. g3 Rfe8 15. Qb3 Be4 16. Bg2 Na5 17. Qa4 Nc4 18. b3 {[%emt 0:02:01] [#]} b5 19. Qxb5 $11 Na3 20. Qa4 (20. Qa5 $11) 20... Nc2 $1 $17 {[%emt 0:00:26][%csl LRa1,LRe1] Pair of Knights!} 21. h4 Nxa1 22. Rxa1 Qf6 23. Re1 (23. Ne1 $142) 23... Re6 24. Re3 {[%emt 0:09:43] [#]} Ra6 $1 25. Qd7 Qd6 (25... Rxa2 $19 {White must now prevent ...Ne7.} 26. Qxc7 Ne7) 26. Qxd6 cxd6 27. a4 {[%emt 0:01:03] [#]} Rb8 ({Black should play} 27... Bc2 $1 $17 28. Bf1 Rb6) 28. Bf1 $1 $11 Rc6 29. b4 Ne7 {[%emt 0:02:05] Threatens to win with ...Nf5.} 30. Nh2 Kf8 31. Re1 {[%emt 0:01:50][%mdl 1024] White has compensation.} Bc2 32. Ra1 Bb3 33. Ng4 Bc4 34. Bh3 Ng8 35. Ne3 Nf6 36. f3 Ra6 37. Kf2 Bb5 38. a5 Rc6 39. g4 $1 Rc7 (39... Bc4 $16) 40. g5 $18 hxg5 41. hxg5 Ne8 42. Nxd5 Rc6 (42... Rc4 $142 43. f4 Nc7) 43. Bd7 Rc4 44. Rh1 g6 $2 (44... Kg8) 45. Bg4 $2 (45. Rh8+ Kg7 46. Rxe8 Rxe8 47. Bxb5) 45... Kg7 46. Re1 {[%emt 0:01:12] And now Re7 would win.} Nc7 47. Ne3 Rc6 $2 (47... Re8 {is a better defense.} 48. Nxc4 Rxe1 49. Kxe1 Bxc4) 48. d5 Ra6 49. c4 Be8 50. Bc3+ Kf8 51. Bf6 {[%emt 0:00:00] Never resign too early!  Weighted Error Value: White=0.23 (precise) /Black=0.40} 1-0

[Event "4NCL 2021-22"]
[Site "England"]
[Date "2022.04.30"]
[Round "7.40"]
[White "Anilkumar, Anantha P"]
[Black "Larkin, Benjamin"]
[Result "1/2-1/2"]
[ECO "D90"]
[WhiteElo "1865"]
[BlackElo "2014"]
[Annotator "TA"]
[PlyCount "74"]
[EventDate "2021.11.27"]
[EventType "team-tourn"]
[EventCountry "ENG"]
[SourceTitle "playchess.com"]
[Source "ChessBase"]
[SourceQuality "1"]
[TimeControl "40/6000+30:3000+30"]

1. d4 Nf6 2. c4 g6 3. Nc3 d5 4. Nf3 Bg7 5. h4 dxc4 6. e4 {[%emt 0:00:08] D90: Grünfeld: 4 Nf3 Bg7 sidelines.} c5 7. d5 b5 8. e5 Ng4 9. Nxb5 Qa5+ (9... Nd7 {looks sharper.} 10. e6 Qa5+ 11. Bd2 Qxb5 12. exd7+ Bxd7 13. Rc1 Qxb2 14. Bxc4 O-O) 10. Nc3 Nxe5 (10... Nd7 $15) 11. Nxe5 $11 Bxe5 {[%emt 0:00:02] [#]} 12. Qa4+ $146 ({Predecessor:} 12. Bd2 O-O 13. Bxc4 Ba6 14. Qe2 Bxc4 15. Qxe5 Nd7 16. Qf4 Qd8 {0-1 (16) Damljanovic,B (2498)-Tadic,S (2416) Belgrade 2021}) 12... Qxa4 13. Nxa4 Na6 {[%emt 0:15:59] White must now prevent ...Nb4.} 14. Bxc4 Rb8 15. a3 {[%emt 0:03:06] [#] Prevents Nb4.} (15. Bd2 $1 {feels stronger.}) 15... O-O (15... Bd7 $1 $11) 16. O-O $1 $14 Rd8 17. Re1 Bf6 (17... Bd6 $142) 18. Bg5 ({White should play} 18. Bf4 $16) 18... Bd7 {[%emt 0:07:48] [#]} (18... Bxg5 $14 19. hxg5 Kf8) 19. Bxf6 ({Weaker is} 19. Bxa6 Bxa4 20. Bxf6 exf6 $15) (19. Nc3 $1 $16) 19... exf6 20. Nc3 ({Much worse is} 20. Bxa6 Bxa4 21. Re7 Rxb2 $11) 20... Nc7 21. Ne4 Rxb2 22. d6 (22. Nxf6+ $11 Kg7 23. Ne4) 22... Ne8 $17 23. Rad1 Ba4 24. Rd5 Bc6 25. d7 (25. Rxc5 $11 Bxe4 26. Rxe4 Rb1+ 27. Kh2 Nxd6 28. Rd4) 25... Rxd7 26. Rxd7 Bxd7 27. Nxc5 {[%emt 0:00:30] [#]} Nd6 ({Black should try} 27... Bc6 $1 $17 {aiming for ...Rc2.} 28. Bd3 Kf8) 28. Bb3 {[%emt 0:13:11] Prevents Rc2.} (28. Nxd7 $11 {remains equal.} Nxc4 29. Nxf6+ Kg7 30. Ne8+ Kg8 31. Nf6+ Kg7 32. Ne8+ Kf8 33. Nf6) 28... Nb7 $2 {[%emt 0:02:19][%mdl 8192] [#]} 29. Bxf7+ $1 Kxf7 $11 30. Nxd7 $18 {[%emt 0:00:07][%mdl 4096] Endgame KRN-KRN} Rb3 31. Ra1 Ke7 32. Nb8 {[%emt 0:00:09] The position is equal.} Rb6 {[%emt 0:00:16] Strongly threatening ...Nd8.} 33. Rc1 Kd6 34. Rd1+ Ke6 (34... Kc7 $5 35. Nd7 Re6 $11) 35. Re1+ Kd6 36. Rd1+ Ke6 (36... Kc7 $5 37. Nd7 Re6 $11) 37. Re1+ Kd6 {[%emt 0:00:39] Weighted Error Value: White=0.31/Black=0.42} 1/2-1/2

[Event "4NCL 2021-22"]
[Site "England"]
[Date "2022.04.30"]
[Round "7.41"]
[White "Alsina Leal, Daniel"]
[Black "Cumming, Rhys"]
[Result "1-0"]
[ECO "C47"]
[WhiteElo "2509"]
[BlackElo "2360"]
[Annotator "TA"]
[PlyCount "99"]
[EventDate "2021.11.27"]
[EventType "team-tourn"]
[EventCountry "ENG"]
[SourceTitle "playchess.com"]
[Source "ChessBase"]
[SourceQuality "1"]
[TimeControl "40/6000+30:3000+30"]

1. e4 e5 2. Nf3 Nc6 3. d4 exd4 4. Nxd4 Nf6 5. Nc3 Bb4 6. Nxc6 bxc6 7. Bd3 O-O 8. O-O d5 9. Bd2 Rb8 {[%emt 0:16:20] C47: Scotch Four Knights and Four Knights with 4 g3.} 10. Re1 dxe4 {[%emt 0:20:22] 10...Bg4 is the modern continuation.} 11. Nxe4 Nxe4 {[%emt 0:01:59] The position is equal.} 12. Rxe4 Bxd2 13. Qxd2 Rxb2 14. Qc3 {[%emt 0:03:23] [#]} Rb6 $146 ({Predecessor:} 14... Rb8 15. Rc4 Bd7 16. h3 Re8 17. Ra4 Qg5 18. Rxa7 Bxh3 19. Bxh7+ Kxh7 20. Qxh3+ Kg8 21. Qf3 Re6 22. Ra4 Rbe8 23. g3 Rh6 24. Re4 Rxe4 25. Qxe4 Re6 {½-½ (25) Kravtsiv,M (2604)-Nepomniachtchi,I (2782) Warsaw 2021}) 15. Re3 Re8 16. Rxe8+ ({Much weaker is} 16. Rg3 g6 $15) 16... Qxe8 17. Re1 {[%emt 0:00:40][%cal Re1e8] [#]} Qf8 18. Qa5 a6 19. Qe5 Be6 20. a4 Qd6 21. f4 c5 22. a5 Rb8 23. f5 Bd7 24. Qxd6 cxd6 25. Bxa6 $11 {[%emt 0:00:10][%mdl 4096] Endgame aiming for Re7. KRB-KRB} Kf8 {[%emt 0:01:18] Inhibits Re7.} (25... Bxf5 $2 {[#]} 26. Bb7 $1 $18 ) 26. Bd3 d5 27. c4 Rb3 28. Bf1 Ra3 {[%emt 0:00:12] Threatens to win with ...d4.} 29. Re5 Rxa5 30. Rxd5 Ke7 31. f6+ gxf6 32. Rh5 Bg4 33. Rxh7 Ra1 34. Kf2 {[%emt 0:00:13] Prevents Be2.} Ra2+ 35. Kg3 Bf5 36. Rh5 Ke6 37. h4 Rd2 38. Rh8 Ke5 (38... Ke7 $11 {should be considered.}) 39. h5 $14 {[%emt 0:00:51] Hoping for Re8+.} Be6 $2 {[%emt 0:00:27][%mdl 8192] Black cannot hold the game after this.} (39... Rd1 $16 40. Re8+ Be6) 40. h6 $18 {[%emt 0:00:25] White is clearly winning.} Rd4 (40... Rd1 $142) 41. Be2 {[%emt 0:15:47] Strongly threatening h7.} Bf5 42. h7 Bxh7 43. Rxh7 {[%emt 0:00:04] KRB-KR} Re4 44. Kf2 Rf4+ 45. Ke1 Ke6 46. Bh5 Re4+ 47. Kf2 Ke5 48. Bxf7 Kd4 49. Bd5 Rf4+ 50. Kg3 {[%emt 0:00:20] Weighted Error Value: White=0.03 (flawless) /Black=0.33} 1-0

[Event "4NCL 2021-22"]
[Site "England"]
[Date "2022.04.30"]
[Round "7.43"]
[White "Adair, James R"]
[Black "Grant, David J"]
[Result "1-0"]
[ECO "E63"]
[WhiteElo "2444"]
[BlackElo "2080"]
[Annotator "TA"]
[PlyCount "69"]
[EventDate "2021.11.27"]
[EventType "team-tourn"]
[EventCountry "ENG"]
[SourceTitle "playchess.com"]
[Source "ChessBase"]
[SourceQuality "1"]
[TimeControl "40/6000+30:3000+30"]

1. d4 Nf6 2. c4 g6 3. g3 Bg7 4. Bg2 O-O 5. Nc3 d6 6. Nf3 Nc6 7. O-O a6 8. b3 Rb8 9. d5 Na5 10. Bd2 c5 11. dxc6 bxc6 12. c5 {[%emt 0:00:31] E63: King's Indian: Fianchetto: Panno Variation with 7...a6.} d5 13. Bf4 Rb7 14. Be5 {[%emt 0:03:37] White is better.} Nd7 (14... Bh6 $142) 15. Bxg7 $16 {[%emt 0:01:06] White is more active.} Kxg7 {[%emt 0:00:08] [#]} 16. e4 $1 {[%emt 0:16:36] [#]} dxe4 $146 ({Predecessor:} 16... e6 17. Rc1 Rb4 18. Ne1 Qf6 19. Nd3 Rb8 20. Re1 Bb7 21. Qd2 Qd8 22. e5 Bc8 {1-0 (88) Miciano,J (2339)-Agibileg,U (2403) Ulaanbaatar 2019}) 17. Nxe4 Nf6 {[%emt 0:02:23] Strongly threatening ...Qxd1.} 18. Qe1 {[%emt 0:08:40] b4 is the strong threat.} Nxe4 (18... Nd5 $16 19. Rd1 Qc7) 19. Qxe4 $18 {[%emt 0:00:09] Threatens to win with b4.} Bf5 20. Qe1 {[%emt 0:16:50] [#] aiming for b4.} Rd7 (20... f6 $142 21. Rd1 Rd7) 21. b4 Nc4 (21... Nb7 {was worth a try.} 22. Ne5 Rc7 23. Nxc6 Qd7) 22. Qc3+ f6 23. Qxc4 Bd3 24. Qc1 Bxf1 25. Bxf1 ({Less strong is} 25. Qxf1 a5 26. a3 e5 $18) 25... a5 26. a3 axb4 27. axb4 e5 28. Qc2 Qb8 29. Qe4 Qc7 30. Ra6 Rd5 (30... Rc8 $142 31. Bh3 Rd1+ 32. Kg2 f5 33. Qxe5+ Qxe5 34. Nxe5 Re8 35. Nxc6 Rc1) 31. Bc4 Rd1+ 32. Kg2 Qb7 33. Qxc6 (33. b5 $142 Rdd8 34. Rxc6) 33... Qxb4 $2 (33... Qxc6 $18 34. Rxc6 e4) 34. Ra7+ Kh6 35. Qe4 {[%emt 0:01:24] Black got outplayed after the opening.  Weighted Error Value: White=0.26 (precise) /Black=0.59} 1-0

[Event "4NCL 2021-22"]
[Site "England"]
[Date "2022.04.30"]
[Round "7.44"]
[White "Blake, J Morgan"]
[Black "Wells, Peter K"]
[Result "0-1"]
[ECO "C95"]
[WhiteElo "2122"]
[BlackElo "2379"]
[Annotator "TA"]
[PlyCount "64"]
[EventDate "2021.11.27"]
[EventType "team-tourn"]
[EventCountry "ENG"]
[SourceTitle "playchess.com"]
[Source "ChessBase"]
[SourceQuality "1"]
[TimeControl "40/6000+30:3000+30"]

1. e4 e5 2. Nf3 Nc6 3. Bb5 a6 4. Ba4 Nf6 5. O-O Be7 6. Re1 b5 7. Bb3 d6 8. c3 O-O 9. h3 Nb8 10. d4 Nbd7 11. Nbd2 Bb7 12. Bc2 Re8 13. Nf1 Bf8 14. Ng3 g6 15. a4 c5 16. d5 c4 17. Bg5 Nc5 {[%emt 0:06:51] C95: Closed Ruy Lopez: Breyer Variation with 10 d4.} 18. Qd2 Be7 19. Bh6 Nfd7 {[%emt 0:07:55] White has an edge.} 20. Be3 Qc7 {[%emt 0:23:03] [#]} 21. h4 $146 ({Predecessor:} 21. Nh2 h5 22. Rf1 bxa4 23. Qe2 h4 24. Nh1 Nf6 25. Qf3 Bc8 26. Bxa4 Nxa4 27. Rxa4 Bd7 28. Ra2 Kg7 29. Rfa1 {½-½ (43) Lutz,C (2595)-Van der Sterren,P (2569) Germany 2001}) 21... h5 22. Ng5 Nf6 23. f4 exf4 24. Bxf4 Ng4 25. Rf1 Bf6 26. axb5 (26. Be3 $5) 26... axb5 {[%emt 0:00:31][%cal Ba6b5,Bb5b4][%mdl 32] Threatens to win with ...Rxa1.} 27. Rxa8 Rxa8 28. Bd1 (28. Be3 $15) 28... Nb3 $36 {[%emt 0:08:07][%mdl 2048] Black has strong initiative. Black is more active.} 29. Bxb3 {[%emt 0:03:08][%mdl 8192] Now White is beyond hope.} (29. Qc2 $17 {is a better defense.} Qc5+ 30. Kh1 Bxg5 31. Bxg5) 29... cxb3 $19 30. Be3 {[%emt 0:13:55] [#]} (30. Ne2 $142 Qc5+ 31. Kh1 (31. Nd4 $2 b4 $19)) 30... b4 $1 {[%emt 0:06:28][%cal Rb4c3] Black is clearly winning.} 31. e5 ({Reject} 31. cxb4 Qc2 32. Nf3 Ba6 $19) (31. c4 $142 Qxc4 32. Nxf7 Kxf7 33. Bg5) 31... Bxe5 32. N3e4 Qc4 {[%emt 0:01:35] Weighted Error Value: White=0.73/Black=0.20 (precise)} 0-1

[Event "4NCL 2021-22"]
[Site "England"]
[Date "2022.04.30"]
[Round "7.45"]
[White "Palliser, Richard J D"]
[Black "Kolani, Arjun"]
[Result "0-1"]
[ECO "E60"]
[WhiteElo "2413"]
[BlackElo "2035"]
[Annotator "TA"]
[PlyCount "56"]
[EventDate "2021.11.27"]
[EventType "team-tourn"]
[EventCountry "ENG"]
[SourceTitle "playchess.com"]
[Source "ChessBase"]
[SourceQuality "1"]
[TimeControl "40/6000+30:3000+30"]

1. d4 Nf6 2. c4 g6 3. h4 Bg7 4. Nc3 d5 5. h5 Nxh5 6. cxd5 {[%emt 0:00:00] E60: King's Indian: Unusual lines and Fianchetto Variation without Nc3.} c6 7. e4 {[%emt 0:00:00][%cal Be2e4,Be4e5][%mdl 32] Black must now prevent e5.} cxd5 8. e5 {[%emt 0:00:00] White is slightly better.} ({But not} 8. exd5 $6 Nf6 $15) (8. Nxd5 Nc6 $11) 8... Bf8 $1 9. Qb3 Nc6 10. Nf3 {[%emt 0:00:00] [#]} ({Reject} 10. Nxd5 Be6 11. Bc4 Nxd4 12. Qa4+ Nc6 $17) 10... Ng7 $146 ({Predecessor:} 10... a6 11. Be2 Ng7 12. Qxd5 Bg4 13. Be3 Qxd5 14. Nxd5 Rd8 15. Nc3 Nf5 16. Rd1 h5 {0-1 (38) Boyer,M (2427)-Puranik,A (2604) Sitges 2021}) 11. Qxd5 Bg4 {[%emt 0:04:14] And now ...Qxd5 would win.} 12. Qb5 {[%emt 0:33:18] Strongly threatening d5.} Qd7 13. d5 $1 {[%emt 0:03:55] Qa4 is the strong threat.} Bxf3 14. gxf3 {[%emt 0:01:37][%cal Bg2f3,Bf3f4][%mdl 32] Threatens to win with Qa4.} Nxe5 15. Qe2 f6 16. f4 {[%emt 0:09:00][%mdl 1024] White has strong compensation.} Nf7 17. Ne4 {[%emt 0:00:22] aiming for Nxf6+.} O-O-O {[%emt 0:03:17][%cal Be8c8,Bc8b8,Bb8a8][%mdl 32] [#]} 18. Bg2 (18. Be3 $1 $16 Kb8 19. Nc5 Qxd5 20. Rh2) 18... Nd6 {[%emt 0:04:53] [#]} (18... Kb8 $1 $14) 19. Be3 (19. Rh3 $1 $16) 19... Kb8 $1 $11 20. Nc5 Qb5 21. Qd2 {[%emt 0:07:47] Against Qa5} (21. Rc1 $11) 21... Nc4 $1 $17 22. Bf1 $2 {[%emt 0:02:44][%mdl 8192] [#] This move loses the game for White.} (22. a4 $17 {is a better chance.} Qb6 23. Ne6 Nxe3 24. Qxe3 Qb4+ 25. Qc3 Qxc3+ 26. bxc3 Nxe6 27. dxe6) 22... Qxc5 $1 $19 {[%emt 0:00:35][%mdl 512] Black is clearly winning.} 23. Bxc4 (23. Bxc5 Nxd2) 23... Qxc4 24. Bxa7+ Ka8 25. Qa5 {[%emt 0:07:08] White threatens Bc5+ and mate.} Rxd5 26. Bc5+ Qa6 27. Qc7 Qe6+ 28. Kf1 Qc6 {[%emt 0:00:24] Weighted Error Value: White=0.55/Black=0.13 (very precise)} 0-1

[Event "4NCL 2021-22"]
[Site "England"]
[Date "2022.04.30"]
[Round "7.46"]
[White "Payne, Matthew J"]
[Black "Ashton, Adam G"]
[Result "1/2-1/2"]
[ECO "C45"]
[WhiteElo "2158"]
[BlackElo "2379"]
[Annotator "TA"]
[PlyCount "83"]
[EventDate "2021.11.27"]
[EventType "team-tourn"]
[EventCountry "ENG"]
[SourceTitle "playchess.com"]
[Source "ChessBase"]
[SourceQuality "1"]
[TimeControl "40/6000+30:3000+30"]

1. e4 e5 2. Nf3 Nc6 3. d4 exd4 4. Nxd4 Bc5 5. Nxc6 bxc6 6. Bd3 Qh4 {[%emt 0:01:15][%csl Gc5][%cal Rh4f2] C45: Scotch Game.} 7. Qe2 Nf6 8. Be3 {[%emt 0:00:51] 8.h3 is vanishing.} Bb6 9. Nd2 O-O 10. O-O Re8 {[%emt 0:05:25] [#]} (10... d6 {is more complex.} 11. f3 Be6 12. b3 Rfe8) 11. Bxb6 $146 ({Predecessor:} 11. Rae1 d6 12. Nf3 Qh5 13. h3 h6 14. a3 Bd7 15. Nd2 Re7 16. Qxh5 Nxh5 17. Nc4 Bxe3 18. Rxe3 a5 19. f4 g5 20. f5 {½-½ (20) Pascual Perez,N (2259)-Girardot,P (2251) LSS email 2010}) 11... axb6 12. f4 d6 13. Qf2 Qh5 14. b4 Bb7 15. Rfe1 c5 16. c3 cxb4 (16... Ng4 17. Qg3 $11) 17. cxb4 Ra3 (17... Ng4 18. Qg3 Nf6 19. a4 $11) 18. Qd4 Qh6 (18... Ng4 $6 19. Nf3 $11 (19. h3 Nf6 $15)) (18... Qg4 $17 19. g3 Qh3) 19. e5 {[%emt 0:09:15] [#]} (19. Nc4 $11 Raa8 20. e5) 19... dxe5 ({Don't play} 19... Ng4 $6 20. h3 dxe5 21. Nc4 $11 (21. hxg4 Qc6 $17)) (19... c5 $2 {[#]} 20. exf6 $1 Rf8 21. Qxd6 Qxf6 22. Qxf6 gxf6 23. Be4 $18) ({Black should play} 19... Qh4 $1 $17 20. Nf1 h6) 20. Rxe5 $15 Raa8 21. Rxe8+ Rxe8 22. Rc1 Nd5 ({Much less strong is} 22... Ng4 23. Nf1 Qd6 24. Qxd6 cxd6 25. a4 $14) 23. g3 Qd6 24. Be4 c6 25. Bxd5 cxd5 26. Nf3 Re4 27. Re1 {[%emt 0:00:03] Threatens to win with Rxe4.} Qe7 28. Kf2 h6 (28... Rxe1 $11 29. Nxe1 Ba6) 29. Rxe4 (29. Qxb6 $14 Qxb4 30. Qxb4 Rxb4 31. Re8+ Kh7 32. Rb8) 29... dxe4 $11 30. Ne5 Qe6 31. Qc4 Bd5 32. Qa6 (32. Qc7 $11 {and White is okay.}) 32... Qh3 $19 33. Kg1 e3 34. Qe2 {[%emt 0:00:03] Prevents Qg2+.} f6 $2 (34... b5 $19 {Hoping for ...h5.} 35. a3 h5) 35. Ng4 $11 {[%emt 0:00:37] The position is equal.} Kh8 36. Nxe3 Qe6 37. Qd2 Bxa2 38. Qd8+ Kh7 39. Qd3+ Kh8 40. Qd8+ Kh7 41. Qd3+ Kh8 42. Qd8+ {[%emt 0:00:00] Weighted Error Value: White=0.19 (very precise) /Black=0.14 (very precise)} 1/2-1/2